 Dungeon Sprint DCSS version 0.18-a0-1577-gf591c28 (webtiles) character file.

0 pipel the Skirmisher (level 1, -5/30 HPs)
             Began as a Minotaur Berserker on Mar 19, 2016.
             Was a Follower of Trog.
             Slain by a scorpion (6 damage)
             ... in the Dungeon (Sprint VI: "Thunderdome").
             The game lasted 00:00:59 (15 turns).

pipel the Skirmisher (Minotaur Berserker)             Turns: 15, Time: 00:00:59

Health: -5/30      AC:  2    Str: 26    XL:     1   Next: 16%
Magic:  0/0        EV: 12    Int:  4    God:    Trog [*.....]
Gold:   200        SH:  0    Dex:  9    Spells: 0 memorised, 0 levels left

rFire  . . .     SeeInvis .     a - +0 hand axe
rCold  . . .     Gourm    .     b - +0 animal skin
rNeg   . . .     Faith    .     (no shield)
rPois  .         Spirit   .     (helmet restricted)
rElec  .         Dismiss  .     (no cloak)
rCorr  .         Reflect  .     (no gloves)
SustAt .         Harm     .     (no boots)
MR     .....     NoTele   +     (no amulet)
Stlth  ..........               (no ring)
                                (no ring)

@: berserking, lethally poisoned (-5 -> -12), very quick, not resistant to
hostile enchantments, extremely unstealthy
A: retaliatory headbutt, horns 2
a: Berserk, Burn Spellbooks, Renounce Religion


You were in the Dungeon.
You worshipped Trog.
Trog was aware of your devotion.
You were not hungry.

You visited 1 branch You collected 200 gold pieces.

Inventory:

Hand Weapons
 a - a +0 hand axe (weapon)
Armour
 b - a +0 animal skin (worn)
Wands
 j - a wand of acid (5/15)
 k - a wand of iceblast (5/15)
Scrolls
 i - 4 scrolls of blinking
 l - 3 scrolls of fog
Potions
 d - a potion of curing
 e - 4 potions of heal wounds
 f - 4 potions of haste
 g - 2 potions of magic
 h - a potion of berserk rage
 m - a potion of resistance
Comestibles
 c - a bread ration


   Skills:
 + Level 4.1 Fighting
 + Level 3.9 Axes
 + Level 2.5 Armour
 + Level 2.2 Dodging


You couldn't memorise any spells.
You didn't know any spells.

Dungeon Overview and Level Annotations

Branches:
Dungeon (1/1)

Altars:
Gozag
Kikubaaqudgha
Pakellas
Ru
Trog
Vehumet

Shops:
D *[%?


Innate Abilities, Weirdness & Mutations

You reflexively headbutt those who attack you in melee.
You have a pair of horns on your head.


Message History

The scorpion is severely wounded.
You hit the scorpion.
The scorpion is heavily wounded.
You hit the worm.
The worm is lightly wounded.
* * * LOW HITPOINT WARNING * * *
You feel sick. The scorpion stings you.
* * * LOW HITPOINT WARNING * * *
You take 7 damage, and have 1/30 hp.
MASSIVE DAMAGE!!
Unknown command.
Unknown command.
You closely miss the scorpion.
The scorpion is severely wounded.
You slash the worm!
The worm is heavily wounded.
You hit the scorpion.
The scorpion is severely wounded.
* * * LOW HITPOINT WARNING * * *
You feel sick. The scorpion stings you.
You die...

_... ###..... .##
#§...... ..⌠
######.8..... ..8.
##∩__.......# ....
###∩........8.# .8..
##.............###..
#§....s.....###...#
#§...s@.....# #.<.#
#§...w......###...#
##.............###.....
###∩........8.# .8...
##∩__.......# ....
######.8..... ..8.
#⌠........ ..⌠
###.........##
#........


You could see a worm and 2 scorpions.

Vanquished Creatures
  A giant cockroach (D)
1 creature vanquished.

Notes
Turn   | Place    | Note
--------------------------------------------------------------
     0 | D        | pipel the Minotaur Berserker began the quest for the Orb.
     0 | D        | Reached XP level 1. HP: 19/19 MP: 0/0
     2 | D        | Found an opulent altar of Gozag.
     2 | D        | Found an ancient bone altar of Kikubaaqudgha.
     3 | D        | Found a sacrificial altar of Ru.
     3 | D        | Found a bloodstained altar of Trog.
     4 | D        | Found Pynluicw's Identification Station.
     4 | D        | Found a radiant altar of Vehumet.
     4 | D        | Found Ytiacren's Bee Food.
     5 | D        | Found Ciuf's Advanced Armour.
     5 | D        | Found Fiulat's Jewellery.
     5 | D        | Round 1.
     7 | D        | Noticed a scorpion
     8 | D        | Noticed a scorpion
     8 | D        | Found an oddly glowing altar of Pakellas.
    12 | D        | Reached skill level 4 in Fighting
    14 | D        | HP: 1/30 [scorpion (6)]
    15 | D        | Slain by a scorpion

Vault maps used:
D:        arena_sprint

Skill      XL: |  1 |
---------------+----+-----
Fighting       | 4 |  4.1
Axes           | |  3.9
Armour         | |  2.5
Dodging        | |  2.2

Action                   || total
-------------------------++-------
Melee: Hand axe          ||     3
Invok: Berserk           ||     1
